 Dungeon Crawl Stone Soup version 0.31-a0-236-g9a0961fb85 (webtiles) character file.

Game seed: 5212585057954652398

41 qw the Shooter (level 3, -2/29 HPs)
             Began as a Minotaur Hexslinger on July 10, 2023.
             Succumbed to a scorpion's poison
             ... on level 2 of the Dungeon.
             The game lasted 00:00:22 (972 turns).

qw the Shooter (Minotaur Hexslinger)                 Turns: 972, Time: 00:00:22

Health: -2/29      AC:  3    Str: 12    XL:     3   Next: 32%
Magic:  3/3        EV: 12    Int: 10    God:
Gold:   45         SH:  0    Dex: 14    Spells: 3/4 levels left

rFire   + . .        Y - +1 sling
rCold   . . .        (no shield)
rNeg    . . .        m - +0 leather armour
rPois   .            (helmet restricted)
rElec   .            (no cloak)
rCorr   .            (no gloves)
SInv    .            (no boots)
Will    .....        (no amulet)
Stlth   +            k - ring of protection from fire
HPRegen 0.24/turn    (no ring)
MPRegen 0.08/turn

%: no passive effects
@: lethally poisoned (-2 -> -13)
A: horns 2, retaliatory headbutt
a: no special abilities


You were on level 2 of the Dungeon.
You visited 1 branch of the dungeon, and saw 2 of its levels.

You collected 45 gold pieces.


Innate Abilities, Weirdness & Mutations

You have a pair of horns on your head.
You reflexively headbutt those who attack you in melee.


   Skills:
 - Level 2.0 Fighting
 + Level 3.9 Ranged Weapons
 - Level 2.1 Dodging
 - Level 1.0 Spellcasting
 - Level 2.0 Hexes


You had 3 spell levels left.
You knew the following spells:

 Your Spells              Type           Power      Damage    Failure   Level
a - Slow                  Hex            16%        N/A       19%         1

Your spell library contained the following spells:

 Spells                   Type           Power      Damage    Failure   Level
 Inner Flame              Hex/Fire       2%         N/A       65%         3
 Portal Projectile        Hex/Tloc       4%         N/A       65%         3
 Cause Fear               Hex            2%         N/A       88%         4

Inventory:

Hand Weapons
 Y - a +1 sling (weapon)
Armour
 m - a +0 leather armour (worn)
Jewellery
 k - a ring of protection from fire (left hand)
Potions
 f - a potion of invisibility {unknown}
 h - a potion of magic {unknown}
 j - a potion of heal wounds {unknown}
 l - a potion of enlightenment {unknown}

Dungeon Overview and Level Annotations

Branches:
Dungeon (2/15)

Altars:


Message History

You shoot a sling bullet. The sling bullet hits the bat.
The bat is heavily wounded.
You shoot a sling bullet. The sling bullet hits the bat.
You kill the bat!
You now have 38 gold pieces (gained 3).
You now have 45 gold pieces (gained 7).
Things that are here:
a +0 sling; a +0 club; a goblin corpse A scorpion comes into view.
You shoot a sling bullet.
The sling bullet hits the scorpion but does no damage.
You shoot a sling bullet.
The sling bullet hits the scorpion but does no damage.
You shoot a sling bullet. The sling bullet hits the scorpion.
The scorpion is moderately wounded.
You shoot a sling bullet. The sling bullet hits the scorpion.
The scorpion is heavily wounded.
You shoot a sling bullet.
The sling bullet closely misses the scorpion.
The scorpion completely misses you. The scorpion stings you.
You are poisoned.
The scorpion poisons you!
You shoot a sling bullet.
The sling bullet barely misses the scorpion.
You feel very sick. The scorpion stings you.
You are lethally poisoned!
The scorpion poisons you!
You shoot a sling bullet.
The sling bullet barely misses the scorpion.
You feel very sick. The scorpion closely misses you. You furiously retaliate!
You headbutt the scorpion. The scorpion stings you.
You shoot a sling bullet.
The sling bullet barely misses the scorpion.
You feel very sick. The scorpion stings you.
You shoot a sling bullet. The sling bullet hits the scorpion.
The scorpion is almost dead.
You die...

... ..# .. #.# .#
#######.## .#
.........# .#
#######..# .#
#........# .#
#....###)###s#
#....#.....@.#
#....#.#.#####
#....#%#.#
#......#.###
#..........##
#......#.#..#
#...#+#...#'#
....?.## ##.##.##
##...##..#####..##


You could see a scorpion.

Vanquished Creatures
  A worm (D:2)
  A dart slug (D:1)
  An endoplasm (D:1)
  A giant cockroach (D:2)
  4 goblins
  2 hobgoblins
  3 jackals (D:2)
  3 kobolds
  3 quokkas (D:1)
  4 ball pythons (D:1)
  4 bats
  A frilled lizard (D:2)
  5 rats (D:1)
33 creatures vanquished.

Notes
Turn   | Place    | Note
-------+----------+-------------------------------------------
     0 | D:1      | qw the Minotaur Hexslinger began the quest for the Orb.
     0 | D:1      | Reached XP level 1. HP: 16/16 MP: 1/1
     0 | D:1      | 0 ||| qw: Version: 0.3-a-52-g30416fa
     0 | D:1      | 0 ||| qw: Game counter: 4949
     0 | D:1      | 0 ||| qw: Melee chars always use a shield: true
     0 | D:1      | 0 ||| qw: God list: Okawaru
     0 | D:1      | 0 ||| qw: Allow faded altars: false
     0 | D:1      | 0 ||| qw: Do Orc after clearing Dungeon:15 true
     0 | D:1      | 0 ||| qw: Do second Lair branch before Depths: true
     0 | D:1      | 0 ||| qw: Lair rune preference: random
     0 | D:1      | 0 ||| qw: Goals: Normal
     0 | D:1      | 0 ||| PLANNING D:1-11
   172 | D:1      | Reached skill level 3 in Ranged Weapons
   172 | D:1      | Reached XP level 2. HP: 23/23 MP: 2/2
   305 | D:1      | Found a faded altar of an unknown god.
   860 | D:1      | 860 ||| UPGRADING to +0 leather armour.
   870 | D:1      | 870 ||| DROPPING +0 robe.
   871 | D:1      | 871 ||| DROPPING ring of wizardry.
   872 | D:1      | 872 ||| UPGRADING to ring of protection from fire.
   873 | D:1      | 873 ||| READING scroll labelled INAAQECENT.
   874 | D:1      | 874 ||| READING scroll labelled IPHOAN DIHEROLL.
   877 | D:1      | 877 ||| READING scroll labelled KENWEA BAMUS.
   878 | D:1      | 878 ||| DROPPING scroll of poison.
   901 | D:2      | Reached XP level 3. HP: 29/29 MP: 3/3
   963 | D:2      | Noticed a scorpion
   970 | D:2      | HP: 7/29 [scorpion (3)]
   971 | D:2      | HP: 3/29 [poisoned by a scorpion]
   971 | D:2      | HP: 1/29 [scorpion (2)]
   972 | D:2      | Succumbed to a scorpion's poison

Levels and vault maps discovered:
D:1:      ebering_trefoil_twist, layout_basic, nicolae_ecumenical_snake_handling
D:2:      layout_basic, kennysheep_crisscross, grunt_ministairs_15

Skill      XL: |  1  2 |
---------------+-------+-----
Ranged Weapons | 3 |  3.9
Fighting       | 2 |  2.0
Dodging        | |  2.1
Spellcasting   | |  1.0
Hexes          | |  2.0

Action                     || total
---------------------------++-------
   Fire: Sling             ||    93
    Use: Scroll            ||     3
 Armour: Robe              ||     1
         Leather armour    ||     5
  Dodge: Dodged            ||    33

Table legend:
 A = Non-vault XP
 B = Vault XP
 C = Vault XP percentage of total XP
 D = Non-vault monster count
 E = Vault monster count
 F = Vault count percentage of total count
                 A         B        C        D         E       F
            +---------+---------+-------+---------+---------+-------
      Total |      53 |       6 |  10.2 |      29 |       4 |  12.1
            +---------+---------+-------+---------+---------+-------
        D:1 |      35 |       3 |   7.9 |      21 |       2 |   8.7
        D:2 |      18 |       3 |  14.3 |       8 |       2 |  20.0
            +---------+---------+-------+---------+---------+-------
